TOP OF THE 1ST |
Bismarck Barons batting - Pitching for Bismark Border Guards : RHP Nick Clark
|
Pitching: RHP Nick Clark
|
|
Batting: LHB Earl Wigfall
|
0-0: Ball 1-0: Called Strike 1-1: Ball 2-1: SINGLE (Groundball, 25) (infield hit)
|
Batting: RHB Mark Roy
|
0-0: Called Strike 0-1: Ball 1-1: Ball 2-1: Foul Ball, location: 2F 2-2: Strikes out looking
|
Batting: RHB Jason Stover
|
0-0: Ball Wild Pitch! Earl Wigfall to second 1-0: Called Strike 1-1: Ball 2-1: Swinging Strike 2-2: Ball 3-2: Strikes out looking
|
Batting: RHB Fernando Castellanos
|
0-0: Called Strike 0-1: Swinging Strike 0-2: Ball 1-2: Strikes out swinging
|
Top of the 1st over - 0 run(s), 1 hit(s), 0 error(s), 1 left on base; Bismarck 0 - Bismark 0 |
BOTTOM OF THE 1ST |
Bismark Border Guards batting - Pitching for Bismarck Barons : RHP Robinson Alomar
|
Pitching: RHP Robinson Alomar
|
|
Batting: LHB Pedro Camacho
|
0-0: Ball 1-0: Ball 2-0: Ball 3-0: Base on Balls
|
Batting: RHB Alfredo Farías
|
0-0: Swinging Strike 0-1: Ball 1-1: Called Strike 1-2: Ball 2-2: Hit by Pitch Pedro Camacho to second
|
Batting: LHB José Delgado
|
0-0: Swinging Strike 0-1: Foul Ball, location: 2F 0-2: Ball 1-2: Strikes out swinging
|
Batting: RHB Vincent Braun
|
0-0: Ball 1-0: Ball 2-0: Ball 3-0: Called Strike 3-1: SINGLE (Line Drive, 89M) Pedro Camacho to third Alfredo Farías to second
|
Batting: LHB Carlos Valentín
|
0-0: Ball 1-0: Foul Ball, location: 2F 1-1: Foul Ball, location: 2F 1-2: Ball 2-2: Strikes out swinging
|
Batting: RHB Rob Schmidt
|
0-0: Foul Ball, location: 2F 0-1: Foul Ball, location: 2F 0-2: Ball 1-2: Fly out, F8 (Flyball, 8LS)
|
Bottom of the 1st over - 0 run(s), 1 hit(s), 0 error(s), 3 left on base; Bismarck 0 - Bismark 0 |
TOP OF THE 2ND |
Bismarck Barons batting - Pitching for Bismark Border Guards : RHP Nick Clark
|
Batting: RHB Dave Anderson
|
0-0: Ball 1-0: Foul Ball, location: 2F 1-1: Ground out 4-3 (Groundball, 4)
|
Batting: RHB Félix Trevino
|
0-0: Swinging Strike 0-1: Ball 1-1: Foul Ball, location: 2F 1-2: SINGLE (Line Drive, 56D)
|
Batting: LHB Ralph Jackson
|
0-0: Swinging Strike 0-1: Ball 1-1: Foul Ball, location: 2F 1-2: SINGLE (Groundball, 34D) Félix Trevino to second
|
Batting: RHB José Ruíz
|
0-0: Called Strike 0-1: Ball 1-1: Ground out 5-3 (Groundball, 56S) Félix Trevino to third Ralph Jackson to second
|
Batting: RHB Xie-li Fong
|
0-0: Foul Ball, location: 2F 0-1: Foul Ball, location: 2F 0-2: Ball 1-2: Ball 2-2: Ground out U3 (Groundball, 3)
|
Top of the 2nd over - 0 run(s), 2 hit(s), 0 error(s), 2 left on base; Bismarck 0 - Bismark 0 |
BOTTOM OF THE 2ND |
Bismark Border Guards batting - Pitching for Bismarck Barons : RHP Robinson Alomar
|
Batting: RHB José Vidal
|
0-0: Ball 1-0: Ball 2-0: Called Strike 2-1: Foul Ball, location: 2F 2-2: Strikes out swinging
|
Batting: RHB Cipriano Baca
|
0-0: Fly out, F8 (Flyball, 8RS)
|
Batting: RHB Ricardo Ruíz
|
0-0: Called Strike 0-1: Called Strike 0-2: Ball 1-2: Ball 2-2: Foul Ball, location: 2F 2-2: Ball 3-2: Base on Balls
|
Batting: LHB Pedro Camacho
|
0-0: Ground out 1-3 (Groundball, 13)
|
Bottom of the 2nd over - 0 run(s), 0 hit(s), 0 error(s), 1 left on base; Bismarck 0 - Bismark 0 |
TOP OF THE 3RD |
Bismarck Barons batting - Pitching for Bismark Border Guards : RHP Nick Clark
|
Batting: LHB Earl Wigfall
|
0-0: SOLO HOME RUN (Flyball, 8LXD), Distance : 429 ft
|
Batting: RHB Mark Roy
|
0-0: Swinging Strike 0-1: Swinging Strike 0-2: Ball 1-2: Strikes out swinging
|
Batting: RHB Jason Stover
|
0-0: Called Strike 0-1: Swinging Strike 0-2: Foul Ball, location: 2F 0-2: Ball 1-2: Strikes out looking
|
Batting: RHB Fernando Castellanos
|
0-0: Ball 1-0: Ball 2-0: Called Strike 2-1: Ball 3-1: Ground out 4-3 (Groundball, 4)
|
Top of the 3rd over - 1 run(s), 1 hit(s), 0 error(s), 0 left on base; Bismarck 1 - Bismark 0 |
BOTTOM OF THE 3RD |
Bismark Border Guards batting - Pitching for Bismarck Barons : RHP Robinson Alomar
|
Batting: RHB Alfredo Farías
|
0-0: Ball 1-0: Called Strike 1-1: Swinging Strike 1-2: Strikes out looking
|
Batting: LHB José Delgado
|
0-0: Ball 1-0: Foul Ball, location: 2F 1-1: Ground out 4-3 (Groundball, 4)
|
Batting: RHB Vincent Braun
|
0-0: Ball 1-0: Called Strike 1-1: Swinging Strike 1-2: Ball 2-2: Strikes out swinging
|
Bottom of the 3rd over - 0 run(s), 0 hit(s), 0 error(s), 0 left on base; Bismarck 1 - Bismark 0 |
TOP OF THE 4TH |
Bismarck Barons batting - Pitching for Bismark Border Guards : RHP Nick Clark
|
Batting: RHB Dave Anderson
|
0-0: Fly out, F9 (Line Drive, 9S)
|
Batting: RHB Félix Trevino
|
0-0: Ball 1-0: Ball 2-0: Foul Ball, location: 2F 2-1: Swinging Strike 2-2: Foul Ball, location: 2F 2-2: Foul Ball, location: 2F 2-2: Strikes out looking
|
Batting: LHB Ralph Jackson
|
0-0: Ball 1-0: Called Strike 1-1: Ball 2-1: Foul Ball, location: 2F 2-2: Strikes out looking
|
Top of the 4th over - 0 run(s), 0 hit(s), 0 error(s), 0 left on base; Bismarck 1 - Bismark 0 |
BOTTOM OF THE 4TH |
Bismark Border Guards batting - Pitching for Bismarck Barons : RHP Robinson Alomar
|
Batting: LHB Carlos Valentín
|
0-0: Foul Ball, location: 2F 0-1: Swinging Strike 0-2: DOUBLE (Flyball, 9LD)
|
Batting: RHB Rob Schmidt
|
0-0: Ball 1-0: Foul Ball, location: 2F 1-1: Ball 2-1: Called Strike 2-2: Ball 3-2: Strikes out swinging
|
Batting: RHB José Vidal
|
0-0: Called Strike 0-1: SINGLE (Groundball, 4D) Carlos Valentín to third
|
Batting: RHB Cipriano Baca
|
0-0: Called Strike 0-1: Called Strike José Vidal is caught stealing 2nd base 0-2: Ball 1-2: Ball 2-2: Foul Ball, location: 2F 2-2: Fly out, F8 (Flyball, 89S)
|
Bottom of the 4th over - 0 run(s), 2 hit(s), 0 error(s), 1 left on base; Bismarck 1 - Bismark 0 |
TOP OF THE 5TH |
Bismarck Barons batting - Pitching for Bismark Border Guards : RHP Nick Clark
|
Batting: RHB José Ruíz
|
0-0: Called Strike 0-1: Called Strike 0-2: SINGLE (Flyball, 89S)
|
Batting: RHB Xie-li Fong
|
0-0: Ball 1-0: Swinging Strike 1-1: Ball 2-1: Ball 3-1: Fielders Choice at 2nd, 6-4 (Groundball, 6)
|
Batting: LHB Earl Wigfall
|
0-0: Called Strike Xie-li Fong steals 2nd base 0-1: Ball 1-1: Called Strike Xie-li Fong steals 3rd base 1-2: Ground out 4-3 (Groundball, 34) Xie-li Fong scores
|
Batting: RHB Mark Roy
|
0-0: Foul Ball, location: 2F 0-1: Fly out, F8 (Flyball, 89M)
|
Top of the 5th over - 1 run(s), 1 hit(s), 0 error(s), 0 left on base; Bismarck 2 - Bismark 0 |
BOTTOM OF THE 5TH |
Bismark Border Guards batting - Pitching for Bismarck Barons : RHP Robinson Alomar
|
Batting: RHB Ricardo Ruíz
|
0-0: Reached on error, E6 (Groundball, 56)
|
Batting: LHB Pedro Camacho
|
0-0: Called Strike 0-1: Ball Wild Pitch! Ricardo Ruíz to second 1-1: Reached on error, E4 (Groundball, 4) Ricardo Ruíz to third
|
Batting: RHB Alfredo Farías
|
0-0: Ball Pedro Camacho is caught stealing 2nd base 1-0: SINGLE (Line Drive, 4D) Ricardo Ruíz scores
|
Batting: LHB José Delgado
|
0-0: Ball 1-0: Swinging Strike 1-1: Foul Ball, location: 2F 1-2: Fielders Choice at 2nd, 4-6 (Groundball, 4)
|
Batting: RHB Vincent Braun
|
0-0: Ball 1-0: Ball José Delgado steals 2nd base 2-0: Called Strike 2-1: Fly out, F8 (Flyball, 8RD)
|
Bottom of the 5th over - 1 run(s), 1 hit(s), 2 error(s), 1 left on base; Bismarck 2 - Bismark 1 |
TOP OF THE 6TH |
Bismarck Barons batting - Pitching for Bismark Border Guards : RHP Nick Clark
|
Batting: RHB Jason Stover
|
0-0: Ball 1-0: Called Strike 1-1: Ball 2-1: Called Strike 2-2: Ball 3-2: TRIPLE (Flyball, 89XD)
|
Batting: RHB Fernando Castellanos
|
0-0: Intentional Walk
|
Pitching: RHP Jeff Alexander
|
|
Batting: RHB Dave Anderson
|
0-0: Called Strike 0-1: Foul Ball, location: 2F 0-2: Ball 1-2: Foul Ball, location: 2F 1-2: Foul Ball, location: 2F 1-2: Foul Ball, location: 2F 1-2: Foul Ball, location: 2F 1-2: Foul Ball, location: 2F 1-2: Ball 2-2: Fly out, F8 (Flyball, 8LS) Runner from 3rd tags up, SCORES, no throw
|
Batting: RHB Félix Trevino
|
0-0: Called Strike 0-1: SINGLE (Groundball, 6MD) Fernando Castellanos to second
|
Batting: LHB Ralph Jackson
|
0-0: Ball 1-0: Foul Ball, location: 2F 1-1: Called Strike 1-2: Fly out, F9 (Flyball, 89S)
|
Batting: RHB José Ruíz
|
0-0: Ball 1-0: Foul Ball, location: 2F 1-1: Fly out, F8 (Flyball, 8RM)
|
Top of the 6th over - 1 run(s), 2 hit(s), 0 error(s), 2 left on base; Bismarck 3 - Bismark 1 |
BOTTOM OF THE 6TH |
Bismark Border Guards batting - Pitching for Bismarck Barons : RHP Robinson Alomar
|
Batting: LHB Carlos Valentín
|
0-0: Ball 1-0: Fly out, F8 (Line Drive, 8RM)
|
Batting: RHB Rob Schmidt
|
0-0: Ball 1-0: SOLO HOME RUN (Flyball, 9LD), Distance : 365 ft
|
Batting: RHB José Vidal
|
0-0: Foul Ball, location: 2F 0-1: SINGLE (Groundball, 4MS) (infield hit)
|
Batting: RHB Cipriano Baca
|
0-0: Foul Ball, location: 2F 0-1: Ball 1-1: Ball 2-1: SINGLE (Line Drive, 56D) José Vidal to second
|
Batting: RHB Ricardo Ruíz
|
0-0: Called Strike 0-1: Ball 1-1: Swinging Strike 1-2: Ball 2-2: Foul Ball, location: 2F 2-2: Ball 3-2: Foul Ball, location: 2F 3-2: Fielders Choice at 2nd, 1-4 (Groundball, 15S) José Vidal to third
|
Pitching: LHP Christiano Gomes
|
|
Batting: LHB Pedro Camacho
|
0-0: Ball 1-0: Called Strike 1-1: Called Strike 1-2: Fly out, F7 (Flyball, 7D)
|
Bottom of the 6th over - 1 run(s), 3 hit(s), 0 error(s), 2 left on base; Bismarck 3 - Bismark 2 |
TOP OF THE 7TH |
Bismarck Barons batting - Pitching for Bismark Border Guards : RHP Jeff Alexander
|
Batting: RHB Xie-li Fong
|
0-0: Foul Ball, location: 2F 0-1: Reached on error, E3 (Groundball, 34)
|
Pitching: LHP David Vance
|
|
Pinch Hitting: RHB Juan Castillo
|
0-0: Foul Ball, location: 2F 0-1: Swinging Strike 0-2: Ball 1-2: SINGLE (Groundball, 56S) (infield hit) Xie-li Fong to second
|
Pitching: RHP Tony Baltazar
|
|
Pinch Hitting: LHB Jesús Bueno
|
0-0: Swinging Strike 0-1: Foul Ball, location: 2F 0-2: Ball 1-2: Strikes out looking
|
Batting: RHB Jason Stover
|
0-0: Ball 1-0: Reached via error on a dropped throw, E4 Xie-li Fong to third Juan Castillo to second
|
Pinch Hitting: LHB Jorge Fernández
|
0-0: Called Strike 0-1: Ball 1-1: Called Strike 1-2: Reached on error, E4 (Groundball, 4) Xie-li Fong scores Juan Castillo to third Jason Stover to second
|
Pinch Hitting: SHB José Gonzáles
|
0-0: Ball 1-0: Ball 2-0: Called Strike 2-1: Grounds into fielders choice 1-2 (Groundball, 13S) Jason Stover to third Jorge Fernández to second
|
Batting: RHB Félix Trevino
|
0-0: Called Strike 0-1: Ball 1-1: Foul Ball, location: 2F 1-2: Strikes out looking
|
Top of the 7th over - 1 run(s), 1 hit(s), 3 error(s), 3 left on base; Bismarck 4 - Bismark 2 |
BOTTOM OF THE 7TH |
Bismark Border Guards batting - Pitching for Bismarck Barons : LHP Christiano Gomes
|
Now at 1B: Eric Black
|
|
Now at 2B: Pancho Torres
|
|
Now at SS: Francisco Fernández
|
|
Now in LF: José Gonzáles
|
|
Batting: RHB Alfredo Farías
|
0-0: Ball 1-0: Foul Ball, location: 2F 1-1: Fly out, F3 (Line Drive, 3)
|
Batting: LHB José Delgado
|
0-0: Ball 1-0: Swinging Strike 1-1: Swinging Strike 1-2: Foul Ball, location: 2F 1-2: Strikes out swinging
|
Batting: RHB Vincent Braun
|
0-0: Ball 1-0: Foul Ball, location: 2F 1-1: Ball 2-1: Ball 3-1: Foul Ball, location: 2F 3-2: Base on Balls
|
Batting: LHB Carlos Valentín
|
0-0: Ground out 4-3 (Groundball, 34)
|
Bottom of the 7th over - 0 run(s), 0 hit(s), 0 error(s), 1 left on base; Bismarck 4 - Bismark 2 |
TOP OF THE 8TH |
Bismarck Barons batting - Pitching for Bismark Border Guards : RHP Tony Baltazar
|
Batting: LHB Ralph Jackson
|
0-0: Ball 1-0: Swinging Strike 1-1: Foul Ball, location: 2F 1-2: Strikes out swinging
|
Batting: RHB José Ruíz
|
0-0: Called Strike 0-1: Ball 1-1: Swinging Strike 1-2: Ground out 6-3 (Groundball, 6D)
|
Batting: RHB Xie-li Fong
|
0-0: SINGLE (Flyball, 9S)
|
Batting: RHB Eric Black
|
0-0: Ball 1-0: Ball 2-0: Ball 3-0: Called Strike 3-1: Called Strike 3-2: Foul Ball, location: 2F 3-2: Strikes out swinging
|
Top of the 8th over - 0 run(s), 1 hit(s), 0 error(s), 1 left on base; Bismarck 4 - Bismark 2 |
BOTTOM OF THE 8TH |
Bismark Border Guards batting - Pitching for Bismarck Barons : LHP Christiano Gomes
|
Batting: RHB Rob Schmidt
|
0-0: SINGLE (Groundball, 4MD)
|
Pitching: RHP Domingo León
|
|
Batting: RHB José Vidal
|
0-0: Foul Ball, location: 2F 0-1: Called Strike 0-2: Foul Ball, location: 2F 0-2: Ball 1-2: Foul Ball, location: 2F 1-2: Strikes out swinging
|
Batting: RHB Cipriano Baca
|
0-0: Called Strike 0-1: Foul Ball, location: 2F 0-2: Strikes out swinging
|
Batting: RHB Ricardo Ruíz
|
0-0: Called Strike 0-1: Ball 1-1: Swinging Strike 1-2: Strikes out swinging
|
Bottom of the 8th over - 0 run(s), 1 hit(s), 0 error(s), 1 left on base; Bismarck 4 - Bismark 2 |
TOP OF THE 9TH |
Bismarck Barons batting - Pitching for Bismark Border Guards : RHP Tony Baltazar
|
Batting: RHB Pancho Torres
|
0-0: Ground out 6-3 (Groundball, 6)
|
Batting: RHB Jason Stover
|
0-0: Ball 1-0: Foul Ball, location: 2F 1-1: Fly out, F7 (Flyball, 7)
|
Batting: RHB Francisco Fernández
|
0-0: Ground out 6-3 (Groundball, 6)
|
Top of the 9th over - 0 run(s), 0 hit(s), 0 error(s), 0 left on base; Bismarck 4 - Bismark 2 |
BOTTOM OF THE 9TH |
Bismark Border Guards batting - Pitching for Bismarck Barons : RHP Domingo León
|
Pitching: RHP Ignacio Beltrán
|
|
Batting: LHB Pedro Camacho
|
0-0: Ball 1-0: Ground out U3 (Groundball, 34)
|
Batting: RHB Alfredo Farías
|
0-0: Foul Ball, location: 2F 0-1: Ball 1-1: Ground out 4-3 (Groundball, 4)
|
Batting: LHB José Delgado
|
0-0: Ball 1-0: Called Strike 1-1: Fly out, F7 (Flyball, 78D)
|
Bottom of the 9th over - 0 run(s), 0 hit(s), 0 error(s), 0 left on base; Bismarck 4 - Bismark 2 |
|